HSSL
RANDALL HS RAIDERS @ SPANISH FORK HS
04/02/2023
 
TOP OF THE 1ST
Randall HS Raiders batting - Pitching for Spanish Fork HS : RHP Patrick Curtis
Pitching: RHP Patrick Curtis
Batting: RHB Earl Godwin 0-0: Foul Ball, location: 2F
0-1: Ball
1-1: Swinging Strike
1-2: Strikes out looking
Batting: LHB Bo Rush 0-0: Called Strike
0-1: SINGLE (Groundball, 4MD)
Batting: RHB Rod Daniels 0-0: Ball
1-0: Ball
2-0: SINGLE (Line Drive, 4MD)
Bo Rush to second
Batting: RHB Bryant von Bohlen 0-0: Fly out, F7 (Flyball, 7D)
Batting: SHB Bryan Long 0-0: Ball
1-0: Ball
2-0: Swinging Strike
2-1: SINGLE (Line Drive, 89S)
Bo Rush to third
Rod Daniels to second
Batting: RHB José Carlos Santos 0-0: Called Strike
0-1: Ball
1-1: Swinging Strike
1-2: Foul Ball, location: 2F
1-2: SINGLE (Groundball, 4MD)
Bo Rush scores
Rod Daniels to third
Bryan Long to second
Runner from 3rd tries for Home, throw and OUT!
Top of the 1st over - 1 run(s), 4 hit(s), 0 error(s), 2 left on base; Randall HS 1 - Spanish Fork HS 0
BOTTOM OF THE 1ST
Spanish Fork HS batting - Pitching for Randall HS Raiders : RHP Jon Jenkins
Pitching: RHP Jon Jenkins
Batting: RHB Javier Ortíz 0-0: Called Strike
0-1: Ball
1-1: Ball
2-1: SOLO HOME RUN (Flyball, 7D), Distance : 376 ft
Batting: RHB Steve Meyers 0-0: Ball
1-0: Fly out, F7 (Flyball, 7M)
Batting: LHB Geoffrey Bird 0-0: Called Strike
0-1: Ball
1-1: Swinging Strike
1-2: Strikes out swinging
Batting: LHB Zack Payton 0-0: Called Strike
0-1: Ball
1-1: Ball
2-1: Ball
3-1: Foul Ball, location: 2F
3-2: Base on Balls
Batting: SHB Rafael Acosta 0-0: Called Strike
0-1: Ball
1-1: Foul Ball, location: 2F
1-2: Ball
2-2: Foul Ball, location: 2F
2-2: Ball
3-2: Ground out 6-3 (Groundball, 6M)
Bottom of the 1st over - 1 run(s), 1 hit(s), 0 error(s), 1 left on base; Randall HS 1 - Spanish Fork HS 1
TOP OF THE 2ND
Randall HS Raiders batting - Pitching for Spanish Fork HS : RHP Patrick Curtis
Batting: RHB Paul Liddle 0-0: Called Strike
0-1: SINGLE (Line Drive, 56)
Batting: LHB Tom Craft 0-0: Ball
1-0: Ball
2-0: Ball
3-0: Called Strike
3-1: Called Strike
3-2: Base on Balls
Paul Liddle to second
Batting: RHB Tim Glendonwyn 0-0: Swinging Strike
0-1: Called Strike
0-2: Fly out, F9 (Flyball, 9M)
Batting: RHB Earl Godwin 0-0: Called Strike
0-1: Foul Ball, location: 2F
0-2: Ball
1-2: DOUBLE (Line Drive, 4D)
Paul Liddle scores
Tom Craft to third
Batting: LHB Bo Rush 0-0: Fly out, F5 (Popup, 5F)
Batting: RHB Rod Daniels 0-0: Ball
1-0: 3-RUN HOME RUN (Flyball, 7D), Distance : 365 ft
Batting: RHB Bryant von Bohlen 0-0: Called Strike
0-1: Foul Ball, location: 2F
0-2: Foul Ball, location: 2F
0-2: Ground out 6-3 (Groundball, 6)
Top of the 2nd over - 4 run(s), 3 hit(s), 0 error(s), 0 left on base; Randall HS 5 - Spanish Fork HS 1
BOTTOM OF THE 2ND
Spanish Fork HS batting - Pitching for Randall HS Raiders : RHP Jon Jenkins
Batting: LHB Victor Stuart 0-0: Foul Ball, location: 2F
0-1: Ball
1-1: SOLO HOME RUN (Flyball, 9D), Distance : 387 ft
Batting: LHB Mal Jiménez 0-0: Foul Ball, location: 2F
0-1: Called Strike
0-2: Foul Ball, location: 2F
0-2: Fly out, F7 (Flyball, 78M)
Batting: RHB Mark Whiffen 0-0: Ball
1-0: Called Strike
1-1: Foul Ball, location: 2F
1-2: Foul Ball, location: 2F
1-2: Ball
2-2: Strikes out looking
Batting: RHB Ray Hernández 0-0: Called Strike
0-1: Fly out, F1 (Popup, 34S)
Bottom of the 2nd over - 1 run(s), 1 hit(s), 0 error(s), 0 left on base; Randall HS 5 - Spanish Fork HS 2
TOP OF THE 3RD
Randall HS Raiders batting - Pitching for Spanish Fork HS : RHP Patrick Curtis
Batting: SHB Bryan Long 0-0: Called Strike
0-1: Foul Ball, location: 2F
0-2: Ball
1-2: Ball
2-2: Ground out 6-3 (Groundball, 6M)
Batting: RHB José Carlos Santos 0-0: Ball
1-0: Foul Ball, location: 2F
1-1: Foul Ball, location: 2F
1-2: Strikes out looking
Batting: RHB Paul Liddle 0-0: Called Strike
0-1: Ball
1-1: Swinging Strike
1-2: Foul Ball, location: 2F
1-2: Ball
2-2: Ball
3-2: Base on Balls
Batting: LHB Tom Craft 0-0: Ball
1-0: Called Strike
1-1: Ball
2-1: Ball
3-1: Base on Balls
Paul Liddle to second
Batting: RHB Tim Glendonwyn 0-0: Called Strike
0-1: Ball
1-1: Ball
2-1: Foul Ball, location: 2F
2-2: Foul Ball, location: 2F
2-2: Strikes out swinging
Top of the 3rd over - 0 run(s), 0 hit(s), 0 error(s), 2 left on base; Randall HS 5 - Spanish Fork HS 2
BOTTOM OF THE 3RD
Spanish Fork HS batting - Pitching for Randall HS Raiders : RHP Jon Jenkins
Batting: RHB Javier Ortíz 0-0: Ball
1-0: Called Strike
1-1: Fly out, F3 (Popup, 3)
Batting: RHB Steve Meyers 0-0: Called Strike
0-1: Ball
1-1: Ball
2-1: Ground out 4-3 (Groundball, 4M)
Batting: LHB Geoffrey Bird 0-0: Ball
1-0: Ball
2-0: Foul Ball, location: 2F
2-1: Ball
3-1: Base on Balls
Batting: LHB Zack Payton 0-0: Ball
1-0: Called Strike
1-1: Ball
2-1: Ball
3-1: Called Strike
3-2: Ground out U3 (Groundball, 3S)
Bottom of the 3rd over - 0 run(s), 0 hit(s), 0 error(s), 1 left on base; Randall HS 5 - Spanish Fork HS 2
TOP OF THE 4TH
Randall HS Raiders batting - Pitching for Spanish Fork HS : RHP Patrick Curtis
Batting: RHB Earl Godwin 0-0: Called Strike
0-1: Ball
1-1: Ball
2-1: Ball
3-1: Swinging Strike
3-2: Fly out, F9 (Popup, 9LS)
Pitching: RHP Chad Swanson
Batting: LHB Bo Rush 0-0: Ball
1-0: Reached on error, E4 (Groundball, 4)
Batting: RHB Rod Daniels 0-0: Called Strike
0-1: Grounds into double play, 5-4-3 (Groundball, 5L)
Top of the 4th over - 0 run(s), 0 hit(s), 1 error(s), 0 left on base; Randall HS 5 - Spanish Fork HS 2
BOTTOM OF THE 4TH
Spanish Fork HS batting - Pitching for Randall HS Raiders : RHP Jon Jenkins
Batting: SHB Rafael Acosta 0-0: Ball
1-0: Ball
2-0: Called Strike
2-1: Ball
3-1: DOUBLE (Flyball, 78M)
Pitching: RHP Armando Maldonado
Batting: LHB Victor Stuart 0-0: Hit by Pitch
Batting: LHB Mal Jiménez 0-0: Ball
1-0: DOUBLE (Line Drive, 3D)
Rafael Acosta scores
Victor Stuart to third
Batting: RHB Mark Whiffen 0-0: Ball
1-0: SINGLE (Groundball, 4MD)
Victor Stuart scores
Mal Jiménez to third
Runner from 3rd tries for Home, SAFE, no throw or cutoff
Batting: RHB Ray Hernández 0-0: Foul Ball, location: 2F
0-1: Foul Ball, location: 2F
0-2: Strikes out swinging
Batting: RHB Javier Ortíz 0-0: Called Strike
0-1: Ball
1-1: Ball
2-1: Foul Ball, location: 2F
2-2: Strikes out swinging
Batting: RHB Steve Meyers 0-0: Called Strike
0-1: Ball
1-1: Swinging Strike
1-2: Strikes out swinging
Bottom of the 4th over - 3 run(s), 3 hit(s), 0 error(s), 1 left on base; Randall HS 5 - Spanish Fork HS 5
TOP OF THE 5TH
Randall HS Raiders batting - Pitching for Spanish Fork HS : RHP Chad Swanson
Batting: RHB Bryant von Bohlen 0-0: Ball
1-0: Swinging Strike
1-1: Foul Ball, location: 2F
1-2: Foul Ball, location: 2F
1-2: Ground out 1-3 (Groundball, 15)
Batting: SHB Bryan Long 0-0: Called Strike
0-1: Ball
1-1: Ground out 4-3 (Groundball, 4)
Batting: RHB José Carlos Santos 0-0: Ball
1-0: Foul Ball, location: 2F
1-1: Swinging Strike
1-2: Foul Ball, location: 2F
1-2: Ball
2-2: Foul Ball, location: 2F
2-2: Strikes out looking
Top of the 5th over - 0 run(s), 0 hit(s), 0 error(s), 0 left on base; Randall HS 5 - Spanish Fork HS 5
BOTTOM OF THE 5TH
Spanish Fork HS batting - Pitching for Randall HS Raiders : RHP Armando Maldonado
Batting: LHB Geoffrey Bird 0-0: SINGLE (Line Drive, 6MD)
Batting: LHB Zack Payton 0-0: Ball
1-0: Ball
2-0: Foul Ball, location: 2F
2-1: Swinging Strike
2-2: Foul Ball, location: 2F
2-2: Strikes out looking
Batting: SHB Rafael Acosta 0-0: Ball
1-0: Ball
2-0: Ball
3-0: Base on Balls
Geoffrey Bird to second
Batting: LHB Victor Stuart 0-0: Fielders Choice at 2nd, 4-6 (Groundball, 34)
Geoffrey Bird to third
Batting: LHB Mal Jiménez 0-0: Hit by Pitch
Victor Stuart to second
Batting: RHB Mark Whiffen 0-0: Ball
1-0: Foul Ball, location: 2F
1-1: Ball
2-1: Swinging Strike
2-2: Strikes out swinging
Bottom of the 5th over - 0 run(s), 1 hit(s), 0 error(s), 3 left on base; Randall HS 5 - Spanish Fork HS 5
TOP OF THE 6TH
Randall HS Raiders batting - Pitching for Spanish Fork HS : RHP Chad Swanson
Batting: RHB Paul Liddle 0-0: Called Strike
0-1: Ball
1-1: Called Strike
1-2: Fly out, F5 (Line Drive, 5S)
Batting: LHB Tom Craft 0-0: Foul Ball, location: 2F
0-1: Ball
1-1: Foul Ball, location: 2F
1-2: Foul Ball, location: 2F
1-2: Ball
2-2: Foul Ball, location: 2F
2-2: Foul Ball, location: 2F
Single, Error in OF, E9, batter to second base
Batting: RHB Tim Glendonwyn 0-0: Foul Ball, location: 2F
0-1: Called Strike
0-2: Ball
1-2: Fly out, F9 (Flyball, 89M)
Batting: RHB Earl Godwin 0-0: Called Strike
0-1: Called Strike
0-2: Ball
1-2: Ball
2-2: Fly out, F4 (Popup, 4D)
Top of the 6th over - 0 run(s), 1 hit(s), 1 error(s), 1 left on base; Randall HS 5 - Spanish Fork HS 5
BOTTOM OF THE 6TH
Spanish Fork HS batting - Pitching for Randall HS Raiders : RHP Armando Maldonado
Pitching: RHP Richard Lee
Batting: RHB Ray Hernández 0-0: Ball
1-0: Swinging Strike
1-1: Called Strike
1-2: Strikes out swinging
Batting: RHB Javier Ortíz 0-0: Ball
1-0: Ball
2-0: SINGLE (Groundball, 5D)
Batting: RHB Steve Meyers 0-0: Ball
Javier Ortíz is caught stealing 2nd base
1-0: Ground out 1-3 (Groundball, 15S)
Bottom of the 6th over - 0 run(s), 1 hit(s), 0 error(s), 0 left on base; Randall HS 5 - Spanish Fork HS 5
TOP OF THE 7TH
Randall HS Raiders batting - Pitching for Spanish Fork HS : RHP Chad Swanson
Pitching: RHP Matt Cleveland
Batting: LHB Bo Rush 0-0: Ball
1-0: Called Strike
1-1: Called Strike
1-2: Ball
2-2: Ball
3-2: Foul Ball, location: 2F
3-2: Foul Ball, location: 2F
3-2: Foul Ball, location: 2F
3-2: Foul Ball, location: 2F
3-2: Fly out, F9 (Popup, 4D)
Batting: RHB Rod Daniels 0-0: Swinging Strike
0-1: Ball
1-1: Called Strike
1-2: Foul Ball, location: 2F
1-2: Foul Ball, location: 2F
1-2: Ball
2-2: Ground out 5-3 (Groundball, 5L)
Batting: RHB Bryant von Bohlen 0-0: Called Strike
0-1: Foul Ball, location: 2F
0-2: Strikes out looking
Top of the 7th over - 0 run(s), 0 hit(s), 0 error(s), 0 left on base; Randall HS 5 - Spanish Fork HS 5
BOTTOM OF THE 7TH
Spanish Fork HS batting - Pitching for Randall HS Raiders : RHP Richard Lee
Batting: LHB Geoffrey Bird 0-0: Ball
1-0: Ball
2-0: Ball
3-0: Base on Balls
Batting: LHB Zack Payton 0-0: Called Strike
0-1: Ball
1-1: Foul Ball, location: 2F
1-2: Foul Ball, location: 2F
1-2: Foul Ball, location: 2F
1-2: Ball
Wild Pitch!
Geoffrey Bird to second
2-2: Ball
3-2: Intentional Walk
Batting: SHB Rafael Acosta 0-0: Ball
1-0: Ball
2-0: Foul Ball, location: 2F
2-1: Ground out 6-3 (Groundball, 6S)
Geoffrey Bird to third
Zack Payton to second
Batting: LHB Victor Stuart 0-0: Intentional Walk
Batting: LHB Mal Jiménez 0-0: Ball
1-0: Ball
2-0: Called Strike
2-1: Ball
3-1: Called Strike
3-2: Base on Balls
Geoffrey Bird scores
Zack Payton to third
Victor Stuart to second
Batting: RHB Mark Whiffen 0-0: Called Strike
0-1: Ball
1-1: Ball
2-1: Fly out, F9 (Line Drive, 9S)
Batting: RHB Ray Hernández 0-0: Ball
1-0: Ball
2-0: Ball
3-0: Called Strike
3-1: Fly out, F8 (Flyball, 8RM)
Bottom of the 7th over - 1 run(s), 0 hit(s), 0 error(s), 3 left on base; Randall HS 5 - Spanish Fork HS 6
TOP OF THE 8TH
Randall HS Raiders batting - Pitching for Spanish Fork HS : RHP Matt Cleveland
Pitching: RHP Paul Turberville
Batting: SHB Bryan Long 0-0: Foul Ball, location: 2F
0-1: Ball
1-1: Called Strike
1-2: Fly out, F6 (Line Drive, 6)
Batting: RHB José Carlos Santos 0-0: Ball
1-0: Ball
2-0: Swinging Strike
2-1: Foul Ball, location: 2F
2-2: Strikes out looking
Batting: RHB Paul Liddle 0-0: Foul Ball, location: 2F
0-1: SINGLE (Groundball, 13) (infield hit)
Batting: LHB Tom Craft 0-0: Fly out, F2 (Popup, 15S)
Top of the 8th over - 0 run(s), 1 hit(s), 0 error(s), 1 left on base; Randall HS 5 - Spanish Fork HS 6
BOTTOM OF THE 8TH
Spanish Fork HS batting - Pitching for Randall HS Raiders : RHP Richard Lee
Pitching: LHP Dirk McGee
Batting: RHB Javier Ortíz 0-0: Ball
1-0: Ball
2-0: Called Strike
2-1: Ball
3-1: SINGLE (Flyball, 9S)
Batting: RHB Steve Meyers 0-0: Sac Bunt - play at first, batter OUT! 6-3
Javier Ortíz to second
Batting: LHB Geoffrey Bird 0-0: Ball
1-0: Ball
2-0: SINGLE (Groundball, 23) (infield hit)
Javier Ortíz to third
Batting: LHB Zack Payton 0-0: Swinging Strike
0-1: Swinging Strike
0-2: Ball
1-2: Fielders Choice at 2nd, 5-4 (Groundball, 56)
Javier Ortíz scores
Batting: SHB Rafael Acosta 0-0: Ball
1-0: Ball
2-0: Fly out, F9 (Flyball, 9M)
Bottom of the 8th over - 1 run(s), 2 hit(s), 0 error(s), 1 left on base; Randall HS 5 - Spanish Fork HS 7
TOP OF THE 9TH
Randall HS Raiders batting - Pitching for Spanish Fork HS : RHP Paul Turberville
Pitching: RHP Merlin Baker
Now at C: Simon Lee
Now at SS: Juan Navarro
Batting: RHB Tim Glendonwyn 0-0: Called Strike
0-1: Ball
1-1: Fly out, F3 (Popup, 3DF)
Batting: RHB Earl Godwin 0-0: Ball
1-0: SINGLE (Flyball, 89M)
Batting: LHB Bo Rush 0-0: Foul Ball, location: 2F
0-1: Ball
1-1: Ball
2-1: Called Strike
2-2: Ball
3-2: Strikes out swinging
Earl Godwin steals 2nd base
Batter strikes out.
Batting: RHB Rod Daniels 0-0: Ball
1-0: Ball
2-0: Called Strike
2-1: Foul Ball, location: 2F
2-2: Foul Ball, location: 2F
2-2: Ball
3-2: DOUBLE (Groundball, 5L)
Earl Godwin scores
Batting: RHB Bryant von Bohlen 0-0: Ball
1-0: 2-RUN HOME RUN (Flyball, 78XD), Distance : 411 ft
Batting: SHB Bryan Long 0-0: Ground out U3 (Groundball, 3)
Top of the 9th over - 3 run(s), 3 hit(s), 0 error(s), 0 left on base; Randall HS 8 - Spanish Fork HS 7
BOTTOM OF THE 9TH
Spanish Fork HS batting - Pitching for Randall HS Raiders : LHP Dirk McGee
Pitching: RHP Ben Hepworth
Batting: LHB Victor Stuart 0-0: Ball
1-0: Fly out, F8 (Flyball, 8LD)
Batting: LHB Mal Jiménez 0-0: Called Strike
0-1: Ball
1-1: Called Strike
1-2: Ball
2-2: Strikes out swinging
Batting: RHB Mark Whiffen 0-0: Ball
1-0: Called Strike
1-1: Ball
2-1: Swinging Strike
2-2: Ball
3-2: Strikes out swinging
Bottom of the 9th over - 0 run(s), 0 hit(s), 0 error(s), 0 left on base; Randall HS 8 - Spanish Fork HS 7
This league is powered by Out of the Park Baseball, the baseball management simulation game for PC, Mac and Linux
Wednesday, December 2nd, 2015 - OOTP Baseball 16.8 Build 38